 Dungeon Crawl Stone Soup version 0.20-a0-46-g4a4b873 (webtiles) character file.

128 KristoblXynda the Sneak (level 4, 0/21 HPs)
             Began as a Spriggan Venom Mage on Nov 13, 2016.
             Slain by an iguana (10 damage)
             ... on level 4 of the Dungeon.
             The game lasted 00:07:11 (3012 turns).

KristoblXynda the Sneak (Spriggan Venom Mage)       Turns: 3012, Time: 00:07:12

Health: 0/21       AC:  3    Str:  4    XL:     4   Next: 87%
Magic:  5/10       EV: 18    Int: 17    God:
Gold:   149        SH:  0    Dex: 16    Spells: 2 memorised, 6 levels left

rFire  . . .     SeeInvis +     k - +0 dagger (curse)
rCold  . . .     Gourm    .     a - +0 robe
rNeg   . . .     Faith    .     (shield restricted)
rPois  .         Spirit   .     (helmet restricted)
rElec  .         Reflect  .     e - +0 cloak
rCorr  .         Harm     .     (gloves unavailable)
MR     .....                    (boots unavailable)
Stlth  +++.......               (no amulet)
                                (no ring)
                                d - ring of wizardry

@: very quick
A: unfitting armour, see invisible, herbivore 3, speed 3, slow metabolism 2
a: no special abilities


You were on level 4 of the Dungeon.
You were not hungry.

You visited 1 branch of the dungeon, and saw 4 of its levels.

You collected 149 gold pieces.

Inventory:

Hand Weapons
 k - a cursed +0 dagger (weapon)
Armour
 a - a +0 robe (worn)
 e - a +0 cloak (worn)
Jewellery
 d - a ring of wizardry (left hand)
Wands
 m - a wand of acid (4/15)
Scrolls
 g - a scroll of fog {unknown}
 h - a scroll of immolation {unknown}
 i - 2 scrolls of fear {unknown}
 j - a scroll of remove curse {unknown}
 l - 2 scrolls of teleportation {unknown}
 n - a scroll of amnesia {unknown}
Potions
 f - 2 potions of flight {unknown}
Books
 b - a Young Poisoner's Handbook

   Spells                             Type                      Level
   a - Sting                          Conjuration/Poison           1
   b - Mephitic Cloud                 Conjuration/Poison/Air       3
   c - Olgreb's Toxic Radiance        Poison                       4
   d - Alistair's Intoxication        Transmutation/Poison         5
   e - Venom Bolt                     Conjuration/Poison           5
Comestibles
 c - 2 bread rations


   Skills:
 + Level 1.5 Short Blades
 - Level 3.0 Dodging
 + Level 5.0 Stealth
 + Level 3.9 Spellcasting
 + Level 1.6 Conjurations
 - Level 4.0 Poison Magic


You had 6 spell levels left.
You knew the following spells:

 Your Spells              Type           Power        Failure   Level  Hunger
a - Sting                 Conj/Pois      ##..         2%          1    None
b - Mephitic Cloud        Conj/Pois/Air  #.......     10%         3    ###....


Dungeon Overview and Level Annotations

Branches:
Dungeon (4/15)
 Temple: D:4-7

Altars:
Elyvilon
Gozag
Okawaru
Qazlal
Uskayaw
Yredelemnul
The Shining One


Innate Abilities, Weirdness & Mutations

You are very small and have problems with some larger weapons.
You are too small for most types of armour.
You have supernaturally acute eyesight. (SInv)
You are a herbivore.
You cover ground extremely quickly.
You need consume almost no food.


Message History

Aiming: Mephitic Cloud
Press: ? - help, Shift-Dir - straight line, p - iguana The ball explodes into a vile cloud!
The stinking cloud engulfs the iguana.
The iguana is almost dead.
The stinking cloud engulfs the worm.
The worm is heavily wounded.
The worm is engulfed in noxious fumes.
The worm appears confused.
Unknown command.
You hit the iguana but do no damage.
The iguana is almost dead.
You completely miss the iguana.
The iguana is almost dead.
You hit the worm.
The worm is almost dead.
The iguana seems less confused.
The worm is engulfed in noxious fumes.
The worm appears confused.
You hit the iguana but do no damage.
The iguana is almost dead.
The iguana bites you!
You die...

############...
#..............#
#..............#
#..............#
#..............#
#..............
#...........#
#...........#
#......l@w..#
#...........#
#...........#
#.......ยงยง..#
#...........#
.............##+##
........##'##.....#
........#...#.....#
...######...#.....+


You could see a worm (confused) and an iguana.

Vanquished Creatures
  8 adders
  A worm (D:3)
  3 dart slugs
  2 leopard geckos (D:3)
  A giant cockroach (D:3)
  A goblin (D:2)
  6 hobgoblins
  5 jackals
  A quokka (D:3)
  2 ball pythons
  6 bats
  3 frilled lizards
  4 kobolds
  5 rats
48 creatures vanquished.

Notes
Turn   | Place    | Note
-------+----------+-------------------------------------------
     0 | D:1      | KristoblXynda the Spriggan Venom Mage began the quest for the Orb.
     0 | D:1      | Reached XP level 1. HP: 9/9 MP: 5/5
   670 | D:1      | Reached XP level 2. HP: 13/13 MP: 5/7
  1046 | D:2      | Reached skill level 1 in Conjurations
  1046 | D:2      | Reached XP level 3. HP: 16/16 MP: 4/8
  1183 | D:2      | Reached skill level 4 in Stealth
  1468 | D:2      | Found a white marble altar of Elyvilon.
  1665 | D:2      | Reached XP level 4. HP: 21/21 MP: 10/10
  1667 | D:2      | Found a hide-covered altar of Uskayaw.
  1947 | D:3      | Learned a level 3 spell: Mephitic Cloud
  1981 | D:3      | Reached skill level 1 in Short Blades
  2445 | D:3      | Reached skill level 5 in Stealth
  2572 | D:3      | Found a glowing golden altar of the Shining One.
  2572 | D:3      | Found a stormy altar of Qazlal.
  2578 | D:3      | Found an opulent altar of Gozag.
  2580 | D:3      | Found an iron altar of Okawaru.
  2582 | D:3      | Found a basalt altar of Yredelemnul.
  3012 | D:4      | Slain by an iguana

Vault maps used:
D:1:      lightli_arrival_isolated_outpost
D:2:      marbit_many_paths, old_standard_altar
D:3:      chequers_temple_overflow_minitemple

Skill      XL: |  1  2  3  4 |
---------------+-------------+-----
Spellcasting   | 3 |  3.9
Conjurations   | 1 |  1.6
Stealth        | 4 5 |  5.0
Short Blades   | 1 |  1.5
Dodging        | |  3.0
Poison Magic   | |  4.0

Action                   |  1- 3 |  4- 6 || total
-------------------------+-------+-------++-------
Melee: Unarmed           |     1 |       ||     1
       Dagger            |     1 |    21 ||    22
 Cast: Sting             |    58 |    60 ||   118
       Mephitic Cloud    |       |     2 ||     2
 Stab: Sleeping          |     1 |       ||     1
       Confused          |       |     1 ||     1
Armor: Robe              |     1 |     4 ||     5
Dodge: Dodged            |     8 |    25 ||    33
